AoeStats
← Tomate

QS Arena

503517422Analyzed
2v2 RM · 1mo ago on Sep 1, 2026· 53m 4s· 4 players
Game mode
Random Map
Map size
Medium (4 player)
Population
200
Speed
Normal
Resources
Standard
Victory
Conquest
Starting age
Dark Age
Ending age
Imperial Age
RankedLock teamsTeams togetherTeam positionsShared explorationLock speedFull tech treeHidden civsTurbo modeCheats
Victory
Defeat
🇨🇱 Portuguese · Chile
923
+13
🇨🇱 Magyars · Chile
923
+13
🇺🇸 Britons · United States
865
-13
🇺🇸 Teutons · United States
855
-13
DefHead
8:17 Feudal Age
10:59 Double-Bit Axe
16:54 Castle Age
15:57 Scale Barding Armor
16:18 Bloodlines
18:35 Wheelbarrow
18:15 Bow Saw
17:51 Horse Collar
22:12 Heavy Plow
23:36 Hand Cart
25:20 Chain Barding Armor
29:43 Imperial Age
27:34 Forging
29:57 Iron Casting
29:50 Cavalier
32:29 Gold Mining
32:31 Stone Mining
33:56 Two-Man Saw
33:30 Crop Rotation
32:25 Paladin
38:47 Plate Barding Armor
43:34 Blast Furnace
Meepey
7:41 Feudal Age
8:07 Double-Bit Axe
12:35 Castle Age
14:46 Wheelbarrow
13:53 Horse Collar
14:25 Bow Saw
18:43 Heavy Plow
21:33 Fletching
21:43 Padded Archer Armor
22:19 Ballistics
22:14 Gold Mining
22:15 Stone Mining
22:56 Hand Cart
24:17 Gold Shaft Mining
23:43 Loom
24:04 Bodkin Arrow
23:39 Pikeman
25:05 Squires
28:47 Imperial Age
26:57 Leather Archer Armor
26:43 Scale Mail Armor
28:17 Forging
28:34 Chain Mail Armor
29:49 Yeomen
28:52 Elite Longbowman
30:14 Conscription
30:14 Bracer
30:41 Masonry
31:33 Chemistry
31:49 Warwolf
32:32 Conscription
32:13 Halberdier
33:27 Plate Mail Armor
33:32 Iron Casting
33:34 Ring Archer Armor
33:54 Plate Mail Armor
33:25 Town Watch
34:42 Town Patrol
35:44 Blast Furnace
36:26 Murder Holes
50:56 Elite Skirmisher
Tomate
7:47 Feudal Age
9:32 Loom
12:43 Castle Age
10:58 Horse Collar
11:08 Double-Bit Axe
11:44 Horse Collar
14:53 Wheelbarrow
14:20 Stone Mining
14:46 Bow Saw
15:50 Heavy Plow
17:48 Fervor
18:23 Stone Mining
18:58 Hand Cart
21:51 Gold Mining
26:21 Imperial Age
24:07 Treadmill Crane
24:57 Town Watch
25:35 Fletching
25:51 Scale Barding Armor
26:22 Ballistics
26:00 Murder Holes
26:29 Caravan
27:18 Chain Barding Armor
28:35 Two-Man Saw
28:17 Crop Rotation
30:30 Chemistry
29:36 Corvinian Army
29:58 Conscription
30:23 Gold Shaft Mining
30:23 Husbandry
30:35 Bloodlines
32:09 Plate Barding Armor
31:30 Bodkin Arrow
31:35 Padded Archer Armor
31:35 Scale Mail Armor
32:07 Elite Magyar Huszar
32:53 Recurve Bow
33:22 Thumb Ring
33:44 Parthian Tactics
34:29 Chain Mail Armor
35:05 Town Patrol
35:24 Leather Archer Armor
36:22 Bracer
37:36 Hoardings
40:54 Ring Archer Armor
39:54 Heavy Cavalry Archer
nnickk0
7:51 Feudal Age
12:28 Castle Age
10:50 Horse Collar
11:05 Double-Bit Axe
12:25 Stone Mining
14:31 Bow Saw
15:05 Wheelbarrow
15:13 Fervor
19:48 Hand Cart
19:54 Heavy Plow
21:14 Gold Mining
22:02 Stone Shaft Mining
22:11 Loom
24:51 Thumb Ring
27:30 Imperial Age
26:20 Thumb Ring
28:03 Padded Archer Armor
27:54 Fletching
29:11 Chemistry
28:36 Ballistics
28:44 Caravan
30:47 Leather Archer Armor
30:27 Bodkin Arrow
32:00 Arquebus
33:12 Pikeman
33:40 Gambesons
36:40 Siege Engineers
36:58 Bombard Tower
36:20 Treadmill Crane
37:15 Elite Organ Gun
45:22 Ring Archer Armor
44:52 Bracer
47:55 Sappers
48:45 Conscription
48:19 Pikeman
49:15 Halberdier
Connection lost

Rejoining the realm…

Still unreachable

The connection could not be restored.

Session expired

The server has moved on; the page needs a fresh start.